 Dungeon Crawl Stone Soup version 0.30-a0-639-g3916f1956a (webtiles) character file.

Game seed: 16643066181188449482

82 Mitcholas the Shooter (level 4, -5/26 HPs)
             Began as a Deep Elf Hunter on Jan 16, 2023.
             Constricted to death by Natasha (8 damage)
             ... on level 2 of the Dungeon.
             The game lasted 00:02:16 (866 turns).

Mitcholas the Shooter (Deep Elf Hunter)              Turns: 866, Time: 00:02:17

Health: -5/26      AC:  3    Str:  8    XL:     4   Next: 21%
Magic:  6/6        EV: 10    Int: 14    God:
Gold:   96         SH:  0    Dex: 20    Spells: 3/3 levels left

rFire   . . .      SeeInvis +    a - +0 shortbow
rCold   . . .      Faith    .    (shield currently unavailable)
rNeg    . . .      Spirit   .    c - +0 leather armour
rPois   .          Reflect  .    (no helmet)
rElec   .          Harm     .    (no cloak)
rCorr   .          Rampage  .    (no gloves)
Will    .....                    (no boots)
Stlth   ++                       (no amulet)
HPRegen 0.24/turn                k - ring of see invisible
MPRegen 0.10/turn                (no ring)

@: grasped by roots, constricted
A: no striking features
a: no special abilities


You were on level 2 of the Dungeon.
You visited 1 branch of the dungeon, and saw 2 of its levels.

You collected 96 gold pieces.

Inventory:

Hand Weapons
 a - a +0 shortbow (weapon)
Missiles
 h - 2 throwing nets
Armour
 c - a +0 leather armour (worn)
Jewellery
 k - a ring of see invisible (left hand)
Scrolls
 b - a scroll of immolation
 d - a scroll of noise {unknown}
 f - 3 scrolls of enchant armour {unknown}
 g - a scroll of identify {unknown}
 j - a scroll of teleportation {unknown}
 l - a scroll of blinking {unknown}
 m - a scroll of poison {unknown}
Potions
 e - a potion of berserk rage {unknown}
 i - a potion of cancellation {unknown}
 n - a potion of curing {unknown}


   Skills:
 + Level 2.1 Fighting
 * Level 6.3 Ranged Weapons
 + Level 3.3 Dodging
 + Level 2.5 Stealth


You had 3 spell levels left.
You didn't know any spells.
Your spell library contained the following spells:

 Spells                   Type           Power      Damage    Failure   Level
 Gell's Gravitas          Tloc           0%         N/A       77%         3
 Teleport Other           Tloc           0%         N/A       77%         3
 Dispersal                Tloc           0%         N/A       100%        6


Dungeon Overview and Level Annotations

Branches:
Dungeon (2/15)

Altars:
Qazlal

Annotations:
D:2 Natasha


Message History

You are too injured to fight recklessly!
You are too injured to fight recklessly!
You are too injured to fight recklessly!
You are too injured to fight recklessly!
You are too injured to fight recklessly!
You are too injured to fight recklessly!
You are too injured to fight recklessly!
You are too injured to fight recklessly!
You are too injured to fight recklessly!
You are too injured to fight recklessly!
You are too injured to fight recklessly!
You are too injured to fight recklessly!
You are too injured to fight recklessly!
You are too injured to fight recklessly!
You are too injured to fight recklessly!
You are too injured to fight recklessly!
You are too injured to fight recklessly!
You are too injured to fight recklessly!
You are too injured to fight recklessly!
Fire: a) +0 shortbow
Press: ? - help, Q - select action, (/) - cycle Shift-Dir - straight line, f/p - Natasha
Aim: Natasha, carrying a wand of roots (5) (60% to hit)
You shoot an arrow. The arrow barely misses Natasha.
Natasha zaps a wand.
The roots erupt in riotous growth!
The grasping roots grab you! The grasping roots constrict you.
Fire: a) +0 shortbow
Press: ? - help, Q - select action, (/) - cycle Shift-Dir - straight line, f/p - Natasha
Aim: Natasha, carrying a wand of roots (4) (60% to hit)
You shoot an arrow. The arrow barely misses Natasha.
The grasping roots constrict you.
Fire: a) +0 shortbow
Press: ? - help, Q - select action, (/) - cycle Shift-Dir - straight line, f/p - Natasha
Aim: Natasha, carrying a wand of roots (4) (60% to hit)
You shoot an arrow. The arrow closely misses Natasha.
Natasha casts a spell at you. The magic dart hits you.
* * * LOW HITPOINT WARNING * * *
The grasping roots constrict you!
You die...

#.# #.....###..####
#.### #.........>...#
#...# ##.#.####..####
###.# ...# #.....+
#.# ####†####.....#
#.#####.........#####
#.##....##.######
#.#..#..##.########
#..†###.##.@h......
###..#..###########
##....# ##.#.# #
#.#.# # #.#.# # #.#.#
# #####...# ...
######.......# #.#


You could see Natasha.

Vanquished Creatures
  Natasha (D:2)
  An adder (D:2)
  A worm (D:2)
  2 dart slugs (D:1)
  4 ball pythons
  2 endoplasms
  2 giant cockroaches
  4 hobgoblins
  8 jackals (D:1)
  4 bats
  A frilled lizard (D:1)
  4 kobolds (D:1)
  5 rats
39 creatures vanquished.

Notes
Turn   | Place    | Note
-------+----------+-------------------------------------------
     0 | D:1      | Mitcholas the Deep Elf Hunter began the quest for the Orb.
     0 | D:1      | Reached XP level 1. HP: 12/12 MP: 3/3
    59 | D:1      | Reached XP level 2. HP: 17/17 MP: 4/4
   264 | D:1      | Reached XP level 3. HP: 21/21 MP: 5/5
   625 | D:2      | Reached skill level 6 in Ranged Weapons
   774 | D:2      | Found a stormy altar of Qazlal.
   803 | D:2      | Noticed Natasha
   806 | D:2      | Killed Natasha
   807 | D:2      | Reached XP level 4. HP: 26/26 MP: 6/6
   860 | D:2      | Noticed Natasha
   866 | D:2      | Constricted to death by Natasha

Illustrated notes

Levels and vault maps discovered:
D:1:      reono_arrival_mine, layout_basic
D:2:      layout_loops_ring, basic_altar, hellmonk_ecumenical_altar_zigzags,
          kennysheep_generic_room_10, uniq_natasha

Skill      XL: |  1  2  3 |
---------------+----------+-----
Stealth        | 2 |  2.5
Dodging        | 3 |  3.3
Fighting       | 2 |  2.1
Ranged Weapons | 6 |  6.3

Action                   |  1- 3 |  4- 6 || total
-------------------------+-------+-------++-------
 Fire: Shortbow          |   100 |    10 ||   110
Armor: Leather armour    |    12 |     1 ||    13
Dodge: Dodged            |    33 |       ||    33

Table legend: (Time is in decaauts)
 A = Elapsed time spent in this place.
 B = Non-inter-level travel time spent in this place.
 C = Inter-level travel time spent in this place.
 D = Time resting spent in this place.
 E = Time spent auto-exploring this place.
 F = Levels seen in this place.
 G = Mean time per level.
                   A        B        C        D        E       F      G
               +--------+--------+--------+--------+--------+-----+--------+
         Total |    894 |    886 |      8 |     61 |    633 |   2 |  447.0 |
       Dungeon |    894 |    886 |      8 |     61 |    633 |   2 |  447.0 |
               +--------+--------+--------+--------+--------+-----+--------+

Top non-repeatable levels by time:
     D:1: 537 daAuts
     D:2: 357 daAuts
